 Dungeon Crawl Stone Soup version 0.29-a0-557-g43b9904bd1 (webtiles) character file.

Game seed: 16249856787041849691

52 zeratav the Stinger (level 3, 0/21 HPs)
             Began as an Octopode Venom Mage on June 8, 2022.
             Slain by Robin
             ... wielding a +2 mace of protection
              (9 damage)
             ... on level 2 of the Dungeon.
             The game lasted 00:02:11 (1266 turns).

zeratav the Stinger (Octopode Venom Mage)           Turns: 1266, Time: 00:02:11

Health: 0/21       AC:  1    Str:  7    XL:     3   Next: 85%
Magic:  4/6        EV: 13    Int: 19    God:
Gold:   49         SH:  0    Dex: 12    Spells: 6/7 levels left

rFire   . . .      SeeInvis .   f - +2 dagger (vamp) {short}
rCold   . . .      Faith    .   (no shield)
rNeg    . . .      Spirit   .   (helmet restricted)
rPois   .          Reflect  .   (no amulet)
rElec   .          Harm     .   (no ring)
rCorr   .          Rampage  .   (no ring)
Will    .....                   (no ring)
Stlth   +++.......              (no ring)
HPRegen 0.07/turn               (no ring)
MPRegen 0.10/turn               (no ring)
                                (no ring)
                                (no ring)

@: no status effects
A: almost no armour, amphibious, 8 rings, camouflage 1, gelatinous body 1,
(nimble swimmer 1), tentacles
a: no special abilities


You were on level 2 of the Dungeon.
You visited 1 branch of the dungeon, and saw 2 of its levels.

You collected 49 gold pieces.


Innate Abilities, Weirdness & Mutations

You cannot wear most types of armour.
You are amphibious.
You can wear up to eight rings at the same time.
Your skin changes colour to match your surroundings (Stealth+).
Your rubbery body absorbs attacks. (AC +1, EV +1)
((You are camouflaged when in or above water. (Stealth+)))
You have tentacles for arms and can constrict up to eight enemies at once.


   Skills:
 - Level 2.0 Dodging
 - Level 2.6 Stealth
 + Level 2.5 Spellcasting
 - Level 1.0 Transmutations
 + Level 1.4 Air Magic
 * Level 4.7 Poison Magic


You had 6 spell levels left.
You knew the following spells:

 Your Spells              Type           Power      Damage    Failure   Level
a - Sting                 Tmut/Pois      52%        1d5       4%          1

Your spell library contained the following spells:

 Spells                   Type           Power      Damage    Failure   Level
 Poisonous Vapours        Pois/Air       28%        N/A       7%          2
 Sandblast                Erth           4%         2d4       16%         1
 Static Discharge         Conj/Air       5%         N/A       19%         2
 Mephitic Cloud           Conj/Pois/Air  10%        N/A       21%         3
 Olgreb's Toxic Radiance  Pois           20%        N/A       22%         4
 Portal Projectile        Hex/Tloc       4%         N/A       43%         3
 Tukima's Dance           Hex            2%         N/A       43%         3
 Dispel Undead            Necr           2%         3d7       85%         4
 Sticky Flame             Conj/Fire      2%         2d3       85%         4
 Blade Hands              Tmut           3%         N/A       96%         5

Inventory:

Hand Weapons
 e - a +2 dagger of flaming {short}
   (You took it off a goblin on level 1 of the Dungeon)
 f - a +2 vampiric dagger (weapon) {short}
   (You took it off a goblin on level 1 of the Dungeon)
Scrolls
 b - 2 scrolls of poison {unknown}
 c - a scroll of enchant weapon {unknown}
 d - a scroll of blinking {unknown}
 g - 2 scrolls of noise {unknown}
 i - 2 scrolls of identify {unknown}
 j - a scroll of immolation {unknown}
 l - a scroll of brand weapon {unknown}
 m - a scroll of fear {unknown}
 n - a scroll of teleportation {unknown}
Potions
 a - a potion of magic
 h - a potion of brilliance {unknown}
 k - 5 potions of curing {unknown}

Dungeon Overview and Level Annotations

Branches:
Dungeon (2/15)

Altars:

Shops:
D:2 =

Annotations:
D:2 Robin

#......##....##.......#......
#......##)...##.......##.##..
#......##.∩..##.......##..###
#......##....###+########.##
#......##....# #.# #..#
###### #)#########.#.
#########.............
#..................#..
#...g@.............#..
#...[..............##.
#..................# .
#....................# .
#...........####........
#...######### ######### #...
#..


You could see Robin (very poisoned).


Message History

You constrict the goblin.
You kill the goblin!
You barely miss the goblin. Your grab misses the goblin.
Your squeeze misses the goblin. The goblin hits you with a +0 club.
HP[-3]
You take 3 damage, and now have 18/21 hp.
You hit the goblin.
You feel better.
You kill the goblin!
The goblin unwields a +0 dagger.
The goblin wields a +0 hunting sling.
The goblin shoots a sling bullet.
The sling bullet hits you.
HP[-1]
You take 1 damage, and now have 17/21 hp.
You barely miss the goblin. Your grab misses the goblin.
The goblin barely misses you.
You hit the goblin.
You feel better.
You grab the goblin. You constrict the goblin. The goblin barely misses you.
HP[+1]
You hit the goblin.
You feel better.
You kill the goblin!
The goblin shoots a sling bullet.
The sling bullet hits you.
HP[-2]
You take 2 damage, and now have 16/21 hp.
You hit the goblin. You grab the goblin. You constrict the goblin.
You kill the goblin!
The goblin shoots a sling bullet.
The sling bullet hits you.
HP[-5] MP[+1]
You take 5 damage, and now have 11/21 hp.
MASSIVE DAMAGE!! (PAUSE)
Your mp is fully restored (6).
You closely miss the hobgoblin. Your grab misses the hobgoblin.
You squeeze the hobgoblin. The hobgoblin misses you.
You hit the hobgoblin.
You feel better.
You kill the hobgoblin!
HP[+1]
You barely miss the goblin. Your grab misses the goblin.
You squeeze the goblin.
You kill the goblin!
You hit the goblin.
You feel better.
Your grab misses the goblin. The goblin barely misses you.
HP[+1]
You hit the goblin but do no damage. You grab the goblin.
You squeeze the goblin.
You kill the goblin!
You barely miss the goblin. Your grab misses the goblin.
You squeeze the goblin.
You kill the goblin!
You barely miss the goblin. Your grab misses the goblin.
Your squeeze misses the goblin. The goblin closely misses you.
You hit the goblin.
You feel better.
You kill the goblin!
HP[+4]
You regained 4 hp, and now have 17/21 hp.
You hit the goblin.
You feel better.
You grab the goblin. You squeeze the goblin.
You kill the goblin!
HP[+2]
You regained 2 hp, and now have 19/21 hp.
Items here: ))))))))))) ††††††.
Casting: Sting (safe; 4% risk of failure)
Confirm with . or Enter, or press ? or * to list all spells.
You can't see any susceptible monsters within range! (Use Z to cast anyway.)
Aiming: Sting (safe; 4% risk of failure)
Press: ? - help, Q - select action Shift-Dir - straight line, f - you
Okay, then.
Casting: Sting (safe; 4% risk of failure)
Confirm with . or Enter, or press ? or * to list all spells.
Aiming: Sting (safe; 4% risk of failure)
Press: ? - help, Shift-Dir - straight line, f - Robin
Aim: Robin, wielding a +2 mace of protection, wearing a +0 animal skin and wearing a +0 helmet (wandering, hasn't noticed you, 79% to hit)
The sting hits Robin but does no damage.
Robin is poisoned.
Robin shouts!
MP[-1]
You lost 1 mp, and now have 5/6 mp.
Casting: Sting (safe; 4% risk of failure)
Confirm with . or Enter, or press ? or * to list all spells.
Aiming: Sting (safe; 4% risk of failure)
Press: ? - help, Shift-Dir - straight line, f/p - Robin
Aim: Robin, wielding a +2 mace of protection, wearing a +0 animal skin and wearing a +0 helmet (lightly wounded, poisoned, 79% to hit)
The sting hits Robin but does no damage.
Robin looks even sicker.
MP[-1]
You lost 1 mp, and now have 4/6 mp.
You hit Robin but do no damage. Your grab misses Robin.
Robin points. "Kill!"
Robin hits you with a +2 mace of protection.
HP[-5]
You take 5 damage, and now have 14/21 hp.
MASSIVE DAMAGE!! (PAUSE)
You hit Robin but do no damage. Your grab misses Robin.
Robin hits you with a +2 mace of protection.
* * * LOW HITPOINT WARNING * * *
HP[-5]
You take 5 damage, and now have 9/21 hp.
MASSIVE DAMAGE!! (PAUSE)
You hit Robin but do no damage. Your grab misses Robin.
Robin barely misses you.
You closely miss Robin. You grab Robin. You constrict Robin, but do no damage.
Robin hits you with a +2 mace of protection!
You die...

Skill      XL: |  1  2 |
---------------+-------+-----
Poison Magic   | 4 |  4.7
Air Magic      | 1 |  1.4
Dodging        | |  2.0
Stealth        | |  2.6
Spellcasting   | |  2.5
Transmutations | |  1.0

Action                   || total
-------------------------++-------
Melee: Dagger            ||    56
       Short sword       ||     2
       Constrict         ||    12
       Tentacles         ||     6
       Unarmed           ||     1
 Cast: Sting             ||    10
 Stab: Sleeping          ||    12
Armor: Skin              ||     3
Dodge: Dodged            ||    24

Levels and vault maps discovered:
D:1:      minmay_arrival_loop, layout_loops_corners
D:2:      layout_basic, shapermc_ecumenical_altar_rom_forum, serial_shops, shop,
          uniq_robin

Notes
Turn   | Place    | Note
-------+----------+-------------------------------------------
     0 | D:1      | zeratav the Octopode Venom Mage began the quest for the
                  | Orb.
     0 | D:1      | Reached XP level 1. HP: 11/11 MP: 3/3
     0 | D:1      | magus.rc [v1.9.6]
   280 | D:1      | Reached skill level 4 in Poison Magic
   280 | D:1      | Reached XP level 2. HP: 17/17 MP: 5/5
   509 | D:1      | You pick up a book of Touch and begin reading...
   509 | D:1      | You add the spells Static Discharge, Sticky Flame and
                  | Dispel Undead to your library.
   748 | D:1      | Reached skill level 1 in Air Magic
   873 | D:1      | Reached XP level 3. HP: 21/21 MP: 6/6
   977 | D:2      | You pick up a book of Weapons and begin reading...
   977 | D:2      | You add the spells Tukima's Dance, Portal Projectile and
                  | Blade Hands to your library.
  1104 | D:2      | Found Otyhugg's Jewellery Shop.
  1134 | D:2      | Found a faded altar of an unknown god.
  1144 | D:2      | Got Plato's Grimoire of Stones
  1230 | D:2      | Noticed Robin
  1266 | D:2      | Slain by Robin

Vanquished Creatures
  An adder (D:2)
  2 dart slugs (D:1)
  An endoplasm (D:1)
  16 goblins
  4 hobgoblins
  3 kobolds (D:1)
  A quokka (D:1)
  A ball python (D:2)
  2 bats
  A frilled lizard (D:1)
  3 rats (D:1)
35 creatures vanquished.

Table legend:
 A = Non-vault XP
 B = Vault XP
 C = Vault XP percentage of total XP
 D = Non-vault monster count
 E = Vault monster count
 F = Vault count percentage of total count
                 A         B        C        D         E       F
            +---------+---------+-------+---------+---------+-------
      Total |      55 |      20 |  26.7 |      24 |      11 |  31.4
            +---------+---------+-------+---------+---------+-------
        D:1 |      35 |       0 |   0.0 |      19 |       0 |   0.0
        D:2 |      20 |      20 |  50.0 |       5 |      11 |  68.8
            +---------+---------+-------+---------+---------+-------

Illustrated notes

Table legend:
 A = Kills in this place as a percentage of kills in entire the game.
 B = Kills by you in this place as a percentage of kills by you in the entire game.
 C = Kills by friends in this place as a percentage of kills by friends in the entire game.
 D = Other kills in this place as a percentage of other kills in the entire game.
 E = Experience gained in this place as a percentage of experience gained in the entire game.
 F = Experience gained in this place divided by the number of levels of this place that you have seen.
                   A       B       C       D       E      F
               +-------+-------+-------+-------+-------+----------------------
         Total | 100.0 | 100.0 |   N/A |   N/A | 100.0 |  37.5
       Dungeon | 100.0 | 100.0 |   N/A |   N/A | 100.0 |  37.5
               +-------+-------+-------+-------+-------+----------------------

Table legend: (Time is in decaauts)
 A = Elapsed time spent in this place.
 B = Non-inter-level travel time spent in this place.
 C = Inter-level travel time spent in this place.
 D = Time resting spent in this place.
 E = Time spent auto-exploring this place.
 F = Levels seen in this place.
 G = Mean time per level.
                   A        B        C        D        E       F      G
               +--------+--------+--------+--------+--------+-----+--------+
         Total |   1265 |   1236 |     29 |      0 |   1031 |   2 |  632.5 |
       Dungeon |   1265 |   1236 |     29 |      0 |   1031 |   2 |  632.5 |
               +--------+--------+--------+--------+--------+-----+--------+

Top non-repeatable levels by time:
     D:1: 955 daAuts
     D:2: 309 daAuts
